 Dungeon Crawl Stone Soup version 0.27.1-3-gb3d3a73c9e (webtiles) character file.

Game seed: 4708828414358837060

2854 Elvor the Thaumaturge (level 9, -2/52 HPs)
             Began as a Deep Elf Conjurer on Oct 19, 2021.
             Killed from afar by an orc wizard (7 damage)
             ... with a magic dart
             ... on level 7 of the Dungeon.
             The game lasted 00:48:20 (5899 turns).

Elvor the Thaumaturge (Deep Elf Conjurer)           Turns: 5899, Time: 00:48:20

Health: -2/52      AC:  5    Str: 11    XL:     9   Next: 46%
Magic:  15/24      EV: 12    Int: 26    God:
Gold:   458        SH:  0    Dex: 13    Spells: 23/26 levels left

rFire    . . .     SeeInvis .   l - staff of conjuration
rCold    . . .     Faith    .   (no shield)
rNeg     . . .     Spirit   .   x - +0 leather armour
rPois    .         Reflect  .   o - +0 helmet
rElec    .         Harm     .   (no cloak)
rCorr    .         Rampage  .   w - +0 pair of gloves
Will     .....                  (no boots)
Stlth    ++........             (no amulet)
HPRegen  0.17/turn              f - +6 ring of strength
MPRegen  0.19/turn              (no ring)

@: no status effects
A: no striking features
a: no special abilities


You were on level 7 of the Dungeon.
You visited 2 branches of the dungeon, and saw 8 of its levels.
You also visited: Sewer.

You collected 458 gold pieces.

Inventory:

Missiles
 e - 218 stones
 j - 33 poisoned darts
 m - 61 sling bullets
 B - 5 boomerangs
Armour
 d - a +3 ring mail
 o - a +0 helmet (worn)
 w - a +0 pair of gloves (worn)
 x - a +0 leather armour (worn)
Magical Staves
 l - a staff of conjuration (weapon)
Jewellery
 f - a +6 ring of strength (left hand)
Scrolls
 c - 3 scrolls of fog {unknown}
 h - 2 scrolls of holy word {unknown}
 i - 4 scrolls of identify {unknown}
 k - 2 scrolls of teleportation {unknown}
 n - a scroll of torment {unknown}
 s - 3 scrolls of magic mapping {unknown}
 t - 2 scrolls of noise {unknown}
 v - a scroll of fear {unknown}
 y - 3 scrolls of vulnerability {unknown}
 A - a scroll of enchant weapon {unknown}
Potions
 a - a potion of mutation {unknown}
 b - 3 potions of heal wounds {unknown}
 g - 4 potions of curing {unknown}
 p - 2 potions of cancellation {unknown}
 q - 2 potions of might {unknown}
 r - 3 potions of brilliance {unknown}
 u - 2 potions of berserk rage {unknown}
 z - 3 potions of ambrosia {unknown}
 C - a potion of resistance {unknown}


   Skills:
 * Level 4.6 Fighting
 + Level 4.6 Throwing
 + Level 2.3 Armour
 + Level 3.5 Dodging
 + Level 4.3 Stealth
 + Level 9.4 Spellcasting
 + Level 8.6 Conjurations


You had 23 spell levels left.
You knew the following spells:

 Your Spells              Type           Power      Damage    Failure   Level
a - Magic Dart            Conj           100%       1d8       1%          1
b - Searing Ray           Conj           100%       3d7       1%          2

Your spell library contained the following spells:

 Spells                   Type           Power      Damage    Failure   Level
 Dazzling Flash           Conj/Hex       100%       N/A       3%          3
 Fulminant Prism          Conj/Hex       25%        3d14      11%         4
 Iskenderun's Mystic Bla  Conj/Tloc      51%        2d11      11%         4
 Tukima's Dance           Hex            12%        N/A       19%         3
 Passage of Golubria      Tloc           N/A        N/A       54%         4
 Yara's Violent Unravell  Hex/Tmut       6%         3d5       87%         5


Dungeon Overview and Level Annotations

Branches:
Dungeon (7/15)             Temple (1/1) D:4           Sewer (visited)

Altars:
Cheibriados
Dithmenos
Elyvilon
Hepliaklqana
Kikubaaqudgha
Makhleb
Nemelex Xobeh
Qazlal
Ru
Sif Muna
Trog
Wu Jian
Xom
Zin
The Shining One

Shops:
D:5 (


Message History

Duvessa is moderately wounded.
Duvessa hits you with a +0 short sword!
The searing ray hits Duvessa!
Duvessa is heavily wounded.
Duvessa hits you with a +0 short sword!
An orc comes into view. It is wielding a +0 trident.
Duvessa hits you with a +0 short sword!
The searing ray hits Duvessa!
Duvessa is severely wounded.
You finish channeling your searing ray.
Duvessa closely misses you.
Aiming: Searing Ray (safe; 1% risk of failure)
Press: ? - help, Q - select action, (/) - cycle Shift-Dir - straight line, f/p - Duvessa
Aim: Duvessa, wielding a +0 short sword and wearing a +2 leather armour of fire resistance (severely wounded, berserk, 85% to hit)
You feel a surge of power!
The searing ray hits Duvessa!
Duvessa is almost dead.
The searing ray misses the orc. (Press . to maintain the ray.) Duvessa misses you.
An orc wizard comes into view. It is wielding a +0 dagger.
Duvessa hits you with a +0 short sword!
* * * LOW HITPOINT WARNING * * *
The searing ray hits Duvessa!
You kill Duvessa!
The searing ray hits the orc!
You kill the orc!
The orc wizard shouts!
The orc wizard points at you and mumbles some strange words.
You are confused.
You bump into the rock wall.
The orc wizard casts a spell.
The orc wizard flickers and vanishes!
Deactivating autopickup; reactivate with Ctrl-A.
You bump into the rock wall.
An orc wizard comes into view. It is wielding a +0 dagger.
You're too confused to move!
You bump into the rock wall.
You feel less confused.
A magic dart appears from out of thin air!
The magic dart hits you!
You die...

#.#####.#.######
#.# #.#.#
###.#####.#.#
#......^....#
#.#.#####.#.#
#.#.# #. .#
#.#.# #.#.####
#.#.@..#
#.####{# .
#.####)##....
#.....)......
######.#####(
.((. #(##.. #.#
## ..


There were no monsters in sight!

Vanquished Creatures
  A two-headed ogre (D:6)
  Grinder (D:3)
  Sigmund (D:6)
  The ghost of drbonez the Skirmisher, an amateur HOFi (D:3)
  Edmund (D:5)
  2 water moccasins
  Duvessa (D:7)
  A hornet zombie (D:6)
  2 necrophages
  A phantom (D:5)
  A wyvern zombie (D:6)
  A gnoll sergeant (D:6)
  2 scorpions
  Dowan (D:7)
  A water moccasin skeleton (D:5)
  2 hounds
  2 orc priests
  A centaur skeleton (D:4)
  6 iguanas
  A hound zombie (D:5)
  A hound skeleton (D:4)
  8 gnolls (D:6)
  2 river rats (D:3)
  7 adders
  A howler monkey skeleton (D:5)
  A shadow imp (D:6)
  8 worms
  3 dart slugs
  12 orcs
  7 ball pythons
  8 bats
  10 endoplasms
  9 giant cockroaches
  5 goblins
  8 hobgoblins
  2 jackals (Sewer)
  5 quokkas
  5 frilled lizards
  9 kobolds
  A quokka skeleton (D:4)
  5 rats
147 creatures vanquished.

Vanquished Creatures (others)
  2 plants (D:5)
2 creatures vanquished.

Grand Total: 149 creatures vanquished

Notes
Turn   | Place    | Note
-------+----------+-------------------------------------------
     0 | D:1      | Elvor the Deep Elf Conjurer began the quest for the Orb.
     0 | D:1      | Reached XP level 1. HP: 10/10 MP: 6/6
   167 | D:1      | Reached XP level 2. HP: 15/15 MP: 5/8
   170 | D:1      | Learned a level 2 spell: Searing Ray
   419 | D:1      | Reached skill level 5 in Conjurations
   872 | D:2      | Reached XP level 3. HP: 19/19 MP: 7/9
  1449 | D:2      | Found a faded altar of an unknown god.
  1545 | D:3      | Reached XP level 4. HP: 24/24 MP: 7/11
  1580 | D:3      | Noticed Grinder
  1634 | D:3      | Found a runed translucent gate.
  1635 | D:3      | Found a runed translucent gate.
  1635 | D:3      | Noticed drbonez's ghost (amateur HOFi)
  1639 | D:3      | Found a runed translucent gate.
  1947 | D:3      | Reached skill level 4 in Spellcasting
  2010 | D:3      | Found a glowing drain.
  2018 | Sewer    | Entered a sewer
  2203 | Sewer    | Noticed a water moccasin
  2231 | Sewer    | Killed a water moccasin
  2232 | Sewer    | Reached skill level 1 in Fighting
  2232 | Sewer    | Reached XP level 5. HP: 16/29 MP: 8/14
  2978 | D:3      | Paralysed by Grinder for 4 turns
  2983 | D:3      | Killed Grinder
  2984 | D:3      | Reached skill level 1 in Throwing
  2984 | D:3      | Reached skill level 5 in Spellcasting
  2984 | D:3      | Reached XP level 6. HP: 35/35 MP: 5/16
  3149 | D:3      | Killed drbonez's ghost
  3150 | D:3      | Reached skill level 6 in Spellcasting
  3150 | D:3      | Reached XP level 7. HP: 9/40 MP: 4/18
  3412 | D:4      | Found a staircase to the Ecumenical Temple.
  3443 | Temple   | Entered the Ecumenical Temple
  4290 | D:5      | Entered Level 5 of the Dungeon
  4299 | D:5      | Reached skill level 7 in Spellcasting
  4506 | D:5      | Noticed Edmund
  4508 | D:5      | Reached XP level 8. HP: 45/45 MP: 16/20
  4519 | D:5      | Killed Edmund
  4545 | D:5      | Found Fufestos's Weapon Boutique.
  4639 | D:5      | Found a white marble altar of Elyvilon.
  4759 | D:5      | Found a faded altar of an unknown god.
  4759 | D:5      | Found a faded altar of an unknown god.
  4759 | D:5      | Found a faded altar of an unknown god.
  4759 | D:5      | Found a hazy altar of Hepliaklqana.
  4761 | D:5      | Found a faded altar of an unknown god.
  4877 | D:6      | Noticed a two-headed ogre
  4901 | D:6      | Reached skill level 8 in Spellcasting
  4909 | D:6      | Reached skill level 1 in Armour
  4990 | D:6      | Noticed Sigmund
  4997 | D:6      | Killed Sigmund
  5159 | D:6      | Found a glowing silver altar of Zin.
  5287 | D:6      | Killed a two-headed ogre
  5288 | D:6      | Reached skill level 9 in Spellcasting
  5288 | D:6      | Reached XP level 9. HP: 52/52 MP: 17/24
  5861 | D:7      | Noticed Dowan
  5884 | D:7      | Noticed Duvessa
  5886 | D:7      | Killed Dowan
  5893 | D:7      | Killed Duvessa
  5899 | D:7      | Killed from afar by an orc wizard

Illustrated notes

Levels and vault maps discovered:
D:1:      elethiomel_arrival_fortress_basement, layout_basic
D:2:      layout_basic, ebering_ecumenical_altar_box
D:3:      layout_basic, gammafunk_ghost_split, lightli_sewer_entry_pipes,
          grunt_ministairs_4, dk_vineyard_3, uniq_grinder
D:4:      minmay_thinvault, layout_cave_pools, minmay_temple_entry_butterflies
D:5:      layout_cave_pools, amcnicky_altar_gilded,
          nicolae_hepliaklqana_ecumenical_no_more, serial_shops,
          nicolae_diamond_shop, serial_bayou_lake_a, uniq_edmund
D:6:      layout_basic, mainiacjoe_overflow_surrounded_room,
          grunt_ministairs_13, uniq_sigmund
D:7:      layout_loops_ring, uniq_duvessa, uniq_joseph
Temple:   minmay_temple_bridge_abc

Skill      XL: |  1  2  3  4  5  6  7  8  9 |
---------------+----------------------------+-----
Conjurations   | 5 6 7 8 |  8.6
Spellcasting   | 4 5 6 7 9 |  9.4
Fighting       | 1 2 4 |  4.6
Throwing       | 1 2 4 |  4.6
Stealth        | 3 4 |  4.3
Dodging        | 3 |  3.5
Armour         | 1 2 |  2.3

Action                   |  1- 3 |  4- 6 |  7- 9 || total
-------------------------+-------+-------+-------++-------
Melee: Short sword       |     1 |       |       ||     1
       Staff             |       |    11 |     1 ||    12
Throw: Dart              |     5 |    11 |    35 ||    51
       Throwing net      |       |     1 |     1 ||     2
 Cast: Magic Dart        |    65 |    41 |    59 ||   165
       Searing Ray       |     5 |    16 |    41 ||    62
 Stab: Sleeping          |     1 |       |       ||     1
Armor: Robe              |     1 |     5 |       ||     6
       Leather armour    |       |       |     5 ||     5
Dodge: Dodged            |     4 |    11 |    16 ||    31
